 Dungeon Crawl Stone Soup version 0.28-a0-60-g54b5640690 (webtiles) character file.

Game seed: 14738439935201823568

2 horus123 the Caller (level 1, -2/10 HPs)
             Began as a Deep Elf Summoner on July 30, 2021.
             Killed from afar by a dart slug (5 damage)
             ... with a slug dart
             ... on level 1 of the Dungeon.
             The game lasted 00:01:02 (195 turns).

horus123 the Caller (Deep Elf Summoner)              Turns: 195, Time: 00:01:03

Health: -2/10      AC:  2    Str:  5    XL:     1   Next: 25%
Magic:  2/6        EV: 12    Int: 19    God:
Gold:   0          SH:  0    Dex: 15    Spells: 5/6 levels left

rFire   . . .      SeeInvis .   (no weapon)
rCold   . . .      Faith    .   (no shield)
rNeg    . . .      Spirit   .   a - +0 robe
rPois   .          Reflect  .   (no helmet)
rElec   .          Harm     .   (no cloak)
rCorr   .          Rampage  .   (no gloves)
Will    .....                   (no boots)
Stlth   ++........              (no amulet)
HPRegen 0.03/turn               (no ring)
MPRegen 0.10/turn               (no ring)

@: no status effects
A: no striking features
a: no special abilities


You were on level 1 of the Dungeon.
You visited 1 branch of the dungeon, and saw 1 of its levels.

Inventory:

Armour
 a - a +0 robe (worn)
Scrolls
 b - a scroll of identify {unknown}
Potions
 c - a potion of haste {unknown}


   Skills:
 + Level 2.4 Dodging
 + Level 2.5 Stealth
 + Level 3.0 Spellcasting
 + Level 4.4 Summonings


You had 5 spell levels left.
You knew the following spells:

 Your Spells              Type           Power      Damage    Failure   Level
a - Summon Small Mammal   Summ           76%        N/A       2%          1

Your spell library contained the following spells:

 Spells                   Type           Power      Damage    Failure   Level
 Call Imp                 Summ           19%        N/A       3%          2
 Call Canine Familiar     Summ           19%        N/A       8%          3
 Summon Guardian Golem    Hex/Summ       11%        N/A       19%         3
 Summon Lightning Spire   Summ/Air       11%        N/A       52%         4


Dungeon Overview and Level Annotations

Branches:
Dungeon (1/15)

Altars:


Message History

The fungus is lightly damaged.
Your quokka bites the fungus. x3
You hit the fungus.
The fungus is lightly damaged.
Your quokka bites the fungus. x4
You hit the fungus.
The fungus is lightly damaged.
Your quokka bites the fungus. x4
You hit the fungus.
The fungus is lightly damaged.
A nearby fungus withers and dies.
Your quokka disappears in a puff of smoke!
Your quokka disappears in a puff of smoke!
Found a faded altar of an unknown god.
A kobold comes into view. It is wielding a +0 short sword.
The kobold shouts!
Your quokka disappears in a puff of smoke!
Casting: Summon Small Mammal (safe; 2% risk of failure)
Confirm with . or Enter, or press ? or * to list all spells.
The kobold barely misses you.
Casting: Summon Small Mammal (safe; 2% risk of failure)
Confirm with . or Enter, or press ? or * to list all spells.
The kobold hits you with a +0 short sword.
Casting: Summon Small Mammal (safe; 2% risk of failure)
Confirm with . or Enter, or press ? or * to list all spells.
A goblin comes into view. It is wielding a +0 club.
The kobold hits you with a +0 short sword.
* * * LOW HITPOINT WARNING * * *
Your rat bites the kobold.
The kobold throws a stone.
The stone hits your quokka.
Your quokka barely misses the kobold.
Your rat bites the kobold.
The kobold dies!
A goblin is nearby!
You swap places.
The rat bites the plant.
The plant begins to die.
A dart slug comes into view.
The rat bites something.
The dart slug launches a dart at you. The slug dart hits you.
Ouch! That really hurt!
You die...

#.#.....##.....#+##
#.#.....#######.... #
#.P................ #.
#......).....##....
#.##P.....###...##....
#....P.⌠⌠≈..#...##....
#.#....⌠⌠...#..###....
. ##≈r..P.###..# #####
#.@r...._####
......$P....###
#w###r.P####P.. #g##P
P≈.. #.


r P.P .. .. .. ### .. ... You could see a dart slug, a goblin (ally target), a
rat, 2 friendly quokkas and a friendly rat (summoned).

Vanquished Creatures (collateral kills)
  A goblin (D:1)
  A frilled lizard (D:1)
  A kobold (D:1)
3 creatures vanquished.

Vanquished Creatures (others)
  2 fungi (D:1)
  A plant (D:1)
3 creatures vanquished.

Grand Total: 6 creatures vanquished

Notes
Turn   | Place    | Note
-------+----------+-------------------------------------------
     0 | D:1      | horus123 the Deep Elf Summoner began the quest for the Orb.
     0 | D:1      | Reached XP level 1. HP: 10/10 MP: 6/6
   185 | D:1      | Found a faded altar of an unknown god.
   195 | D:1      | Killed from afar by a dart slug

Illustrated notes

Levels and vault maps discovered:
D:1:      lightli_iron_boxes, layout_basic,
          shapermc_ecumenical_altar_mp_ritualfount,
          chequers_serial_rivers_micro_c

Action                   || total
-------------------------++-------
Melee: Unarmed           ||     8
 Cast: Summon Small Mamm ||     8
Dodge: Dodged            ||     1

Table legend: (Time is in decaauts)
 A = Elapsed time spent in this place.
 B = Non-inter-level travel time spent in this place.
 C = Inter-level travel time spent in this place.
 D = Time resting spent in this place.
 E = Time spent auto-exploring this place.
 F = Levels seen in this place.
 G = Mean time per level.
                   A        B        C        D        E       F      G
               +--------+--------+--------+--------+--------+-----+--------+
         Total |    195 |    195 |      0 |      0 |    149 |   1 |  195.0 |
       Dungeon |    195 |    195 |      0 |      0 |    149 |   1 |  195.0 |
               +--------+--------+--------+--------+--------+-----+--------+

Top non-repeatable levels by time:
     D:1: 195 daAuts
